 Dungeon Crawl Stone Soup version 0.31-a0-848-gaac375c287 (webtiles) character file.

Game seed: 6505006123380892098

13956 GigaChad the Cleaver (level 12, -7/95 HPs) *EXPLORE*
             Began as a Formicid Fighter on Oct 4, 2023.
             Was an Initiate of Gozag.
             Killed from afar by a ynoxinul (17 damage)
             ... with an iron shot
             ... on level 1 of the Abyss.
             The game lasted 00:15:52 (13294 turns).

GigaChad the Cleaver (Formicid Fighter)            Turns: 13294, Time: 00:15:53

Health: -7/95      AC: 18    Str: 32    XL:     12   Next: 39%
Magic:  20/20      EV:  8    Int:  8    God:    Gozag
Gold:   1272       SH:  6    Dex: 13    Spells: 22/22 levels left

rFire   . . .        a - +0 war axe
rCold   . . .        c - +0 buckler
rNeg    . . .        x - +2 plate armour
rPois   +            (helmet unavailable)
rElec   .            (no cloak)
rCorr   .            s - +1 pair of gloves "Mokunguupp" {Fly}
SInv    +            (no boots)
Will    +....        (no amulet) Stlth
                     I - +6 ring of strength
HPRegen 0.35/turn    J - ring of poison resistance
MPRegen 0.17/turn

%: no passive effects
@: gold aura, flying
A: permanent stasis, dig shafts and tunnels, antennae 3, four strong arms
a: Dig, Shaft Self, Renounce Religion, Potion Petition, Call Merchant, Bribe
Branch


You were on level 1 of the Abyss.
You worshipped Gozag.
Gozag was most pleased with you.
You visited 2 branches of the dungeon, and saw 11 of its levels.
You visited the Abyss 1 time.
You also visited: Sewer.

You collected 2578 gold pieces.
You spent 1248 gold pieces at shops.
You paid 58 gold pieces to Gozag.

Inventory:

Hand Weapons
 a - a +0 war axe (weapon)
 H - the +4 quarterstaff of Clean Duty {pain, Dex+2}
   (You found it on level 10 of the Dungeon)

   Dex+2:     It affects your dexterity (+2).
Missiles
 t - 3 throwing nets
Armour
 c - a +0 buckler (worn)
 s - the +1 pair of gloves "Mokunguupp" (worn) {Fly}
   (You acquired it on level 3 of the Dungeon)

   Fly:       It grants you flight.
 x - a +2 plate armour (worn)
Jewellery
 f - an amulet of guardian spirit
 m - a ring of ice
 n - a ring of ice
 I - a +6 ring of strength (left hand)
 J - a ring of poison resistance (right hand)
Talismans
 k - a flux talisman
 K - a serpent talisman
Wands
 q - a wand of digging (8)
 v - a wand of charming (4)
 C - a wand of flame (14)
 F - a wand of polymorph (3)
Scrolls
 e - 8 scrolls of teleportation
 i - 4 scrolls of noise
 j - 3 scrolls of blinking
 w - 3 scrolls of revelation
 y - 2 scrolls of vulnerability
 z - 2 scrolls of fog
 A - 5 scrolls of identify
 B - a scroll of amnesia
 D - 2 scrolls of enchant armour
 E - a scroll of enchant weapon {unknown}
 G - a scroll of acquirement
Potions
 b - 2 potions of degeneration {unknown}
 d - a potion of might
 g - a potion of lignification {unknown}
 h - a potion of mutation {unknown}
 l - 2 potions of berserk rage {unknown}
 o - 5 potions of heal wounds {unknown}
 p - 4 potions of enlightenment
 r - a potion of brilliance {unknown}
 u - 3 potions of curing {unknown}


   Skills:
 * Level 9.0 Fighting
 * Level 12.0 Axes
 * Level 9.5 Armour
 * Level 7.8 Stealth
 * Level 9.0 Shields
 * Level 5.8 Spellcasting
 * Level 1.3 Shapeshifting


You had 22 spell levels left.
You didn't know any spells.
Your spell library contained the following spells:

 Spells                   Type           Power      Damage    Failure   Level
 Shock                    Conj/Air       8%         1d3       87%         1
 Slow                     Hex            8%         N/A       87%         1
 Cigotuvi's Dreadful Rot  Necr/Pois/Air  4%         N/A       95%         2
 Ensorcelled Hibernation  Hex/Ice        4%         N/A       95%         2
 Jinxbite                 Hex            4%         N/A       95%         2
 Sublimation of Blood     Necr           2%         N/A       95%         2
 Confusing Touch          Hex            2%         N/A       99%         3
 Ignite Poison            Fire/Tmut/Pois 2%         N/A       99%         3
 Sigil of Binding         Hex            2%         N/A       99%         3
 Tukima's Dance           Hex            2%         N/A       99%         3
 Vampiric Draining        Necr           2%         2d6       99%         3
 Airstrike                Air            1%         2d(1-17)  100%        4
 Anguish                  Hex/Necr       1%         N/A       100%        4
 Cause Fear               Hex            1%         N/A       100%        4
 Manifold Assault         Tloc           2%         N/A       100%        4
 Passage of Golubria      Tloc           2%         N/A       100%        4
 Petrify                  Tmut/Erth      2%         N/A       100%        4
 Freezing Cloud           Conj/Ice/Air   1%         6-21      100%        5
 Irradiate                Conj/Tmut      1%         3d12      100%        5
 Yara's Violent Unravell  Hex/Tmut       1%         3d3       100%        5
 Enfeeble                 Hex            1%         N/A       100%        7
 Blink                    Tloc           Unusable   N/A       N/A         2
 Swiftness                Air            Unusable   N/A       N/A         3

Dungeon Overview and Level Annotations

Branches:
Dungeon (10/15)            Temple (0/1) D:6            Lair (1/5) D:10
  Sewer (visited)
    Orc: D:9-12

Altars:
Gozag
Makhleb
Xom

Shops:
D:3 ?   D:4 *   D:7 :   D:8 *   D:10 =[

Annotations:
D:9 exclusion: orange crystal statue
Lair:1 Sonja


Innate Abilities, Weirdness & Mutations

You cannot be hasted, slowed, berserked, paralysed or teleported.
You can dig through walls and to a lower floor.
You have a pair of large antennae on your head. (SInv)
Your four strong arms can wield two-handed weapons with a shield.


Message History

The ufetubus barely misses you.
A starcursed mass splits.
Unknown command.
Unknown command.
You block the ufetubus's attack.
The ufetubus hits you but does no damage.
The starcursed mass touches you but does no damage.
The ufetubus closely misses you. x2
The starcursed mass touches you but does no damage.
Unknown command.
You hit the starcursed mass.
The starcursed mass is almost destroyed.
You hit the starcursed mass.
You destroy the starcursed mass!
You hit the starcursed mass but do no damage.
The starcursed mass is no longer distracted by gold.
You hit the ufetubus but do no damage.
The starcursed mass shudders and is absorbed by its neighbour.
You block the ufetubus's attack. The ufetubus barely misses you.
The starcursed mass shrieks in your mind.
* * * LOW HITPOINT WARNING * * *
The ynoxinul is no longer distracted by gold.
The ufetubus attacks as it pursues you! The ufetubus barely misses you. x2
The starcursed mass shrieks in your mind.
* * * LOW HITPOINT WARNING * * *
The ufetubus hits you but does no damage.
The ufetubus barely misses you.
The ynoxinul hits you but does no damage.
You see here 16 gold pieces.
You hit the ynoxinul.
The ynoxinul is moderately wounded.
You hit the starcursed mass but do no damage.
You hit the ufetubus.
You kill the ufetubus!
The ufetubus disappears in a puff of smoke!
The starcursed mass shrieks in your mind.
* * * LOW HITPOINT WARNING * * *
The ynoxinul gestures at you. The iron shot hits you!
You die...
Your body crumbles into a pile of gold.

.# .. . # ...### .
. . . ...# .. .
.#...# .
#......#.## . ##.
#.# ...##.## .#. .
#..# ##....##.. ..
..##..##3.$......
...
#.....$@$$.$..#. .
# #
##...#X§.....#.##
. ...#..#.........
####
..#.#..#........##
.#. .#.
#.##.......#...# .
.. #. .#.#...#...#
. ## #.##.##...#.#
..#. # . . #...
....#.... ..# . .
. ..#... #.#.##.


You could see a starcursed mass and a ynoxinul.

Vanquished Creatures
  A tentacled starspawn (Abyss:1)
  3 two-headed ogres
  A manticore (D:10)
  A torpor snail (Lair:1)
  2 cane toads (Lair:1)
  Jeremiah (D:7)
  2 komodo dragons (Lair:1)
  3 trolls
  2 hornets
  Prince Ribbit (Lair:1)
  2 dream sheep (Lair:1)
  4 blink frogs (Lair:1)
  A wraith (D:8)
  2 wyverns
  12 yaks
  Grum (D:8)
  A steam dragon (Lair:1)
  6 orc warriors
  A sky beast (D:6)
  4 water moccasins
  An ice beast (D:5)
  A black bear (D:5)
  An ogre (D:4)
  3 wolves (D:8)
  4 centaurs
  3 kobold brigands
  3 bullfrogs
  A scorpion (D:7)
  A gnoll sergeant (D:8)
  3 wights (D:9)
  4 howler monkeys
  4 killer bees (D:10)
  5 hounds
  2 jellies
  A gnoll bouda (D:8)
  7 orc priests
  5 starcursed masses (Abyss:1)
  7 orc wizards
  A sickly merfolk siren (Sewer)
  A malarious merfolk avatar (Sewer)
  Robin (D:2)
  13 gnolls
  10 adders
  A river rat (Sewer)
  A shadow imp (D:5)
  2 ufetubi
  4 dart slugs
  44 orcs
  6 endoplasms
  6 giant cockroaches
  17 goblins
  12 hobgoblins
  4 jackals
  5 quokkas
  8 ball pythons
  9 bats
  12 frilled lizards
  21 kobolds
  30 rats
  A starspawn tentacle (Abyss:1)
316 creatures vanquished.

Vanquished Creatures (others)
  5 starspawn tentacles (Abyss:1)
5 creatures vanquished.

Grand Total: 321 creatures vanquished

Notes
Turn   | Place    | Note
-------+----------+-------------------------------------------
     0 | D:1      | GigaChad the Formicid Fighter began the quest for the Orb.
     0 | D:1      | Reached XP level 1. HP: 18/18 MP: 1/1
     0 | D:1      | Entered explore mode.
   129 | D:1      | Reached XP level 2. HP: 24/24 MP: 2/2
   599 | D:1      | Reached XP level 3. HP: 27/29 MP: 3/3
   912 | D:2      | Noticed Robin
   920 | D:2      | Killed Robin
   921 | D:2      | Reached skill level 1 in Stealth
   928 | D:2      | Reached XP level 4. HP: 12/36 MP: 3/5
  1317 | D:2      | Reached skill level 3 in Axes
  1672 | D:2      | Found a faded altar of an unknown god.
  1701 | D:2      | Reached XP level 5. HP: 36/42 MP: 6/6
  1948 | D:2      | Reached skill level 1 in Spellcasting
  2022 | D:2      | Found an opulent altar of Gozag.
  2030 | D:2      | Became a worshipper of Gozag Ym Sagoz the Greedy
  2127 | D:3      | Found a glowing drain.
  2199 | Sewer    | Entered a sewer
  2628 | Sewer    | Reached XP level 6. HP: 34/48 MP: 6/8
  2688 | Sewer    | Reached skill level 4 in Axes
  2745 | Sewer    | HP: 2/48 [poisoned by an adder]
  2746 | Sewer    | Slain by an adder (2 damage)
  2799 | Sewer    | Identified the +4 scale mail of Koxock {rPois rN+ Dex-4}
  3265 | D:3      | Reached skill level 5 in Shields
  3491 | D:3      | Found Ethruibo's Magic Scroll Boutique.
  3495 | D:3      | Bought a scroll of acquirement for 520 gold pieces
  3495 | D:3      | Acquired the +1 pair of gloves "Mokunguupp" {Fly}
  3723 | D:4      | Found Mumoz's Overcharged Wands.
  3779 | D:4      | Identified the +0 robe of Weirdness {rCorr Str+4 Dex-4}
  3877 | D:4      | Reached XP level 7. HP: 53/54 MP: 9/9
  4176 | D:4      | HP: 2/54 [ogre/+0 giant club (11)]
  4178 | D:4      | Reached skill level 5 in Axes
  4627 | D:5      | Entered Level 5 of the Dungeon
  4946 | D:5      | Reached XP level 8. HP: 25/61 MP: 11/11
  4955 | D:5      | Reached skill level 6 in Axes
  5449 | D:6      | Found a staircase to the Ecumenical Temple.
  5776 | D:6      | Reached skill level 5 in Fighting
  6109 | D:7      | Reached skill level 5 in Armour
  6163 | D:7      | Found Nedaojut's Book Shoppe.
  6177 | D:7      | Noticed a wyvern
  6178 | D:7      | Reached skill level 7 in Axes
  6189 | D:7      | Killed a wyvern
  6190 | D:7      | Reached XP level 9. HP: 41/68 MP: 13/13
  6311 | D:7      | Noticed Jeremiah
  6359 | D:7      | HP: 2/52 [Jeremiah/+4 trident of draining (2)]
  6360 | D:7      | Slain by Jeremiah
                  | ... wielding a +4 trident of draining
                  | (7 damage)
  6397 | D:7      | Mangled by Jeremiah
                  | ... wielding a +4 trident of draining
                  | (12 damage)
  6403 | D:7      | Killed by divine providence
                  | ... invoked by Jeremiah
                  | (15 damage)
  6413 | D:7      | HP: 1/29 [Jeremiah/divine providence (14)]
  6416 | D:7      | Killed by divine providence
                  | ... invoked by Jeremiah
                  | (12 damage)
  6422 | D:7      | Killed by divine providence
                  | ... invoked by Jeremiah
                  | (9 damage)
  6424 | D:7      | Killed Jeremiah
  7015 | D:8      | Reached skill level 8 in Axes
  7131 | D:8      | HP: 3/63 [wyvern (1)]
  7131 | D:8      | Slain by a gnoll
                  | ... wielding a +2 whip of draining
                  | ... led by a gnoll sergeant
                  | (7 damage)
  7141 | D:8      | HP: 2/62 [orc priest/divine providence (11)]
  7143 | D:8      | Killed by divine providence
                  | ... invoked by an orc priest
                  | (12 damage)
  7154 | D:8      | HP: 3/69 [poisoned by an orc wizard]
  7675 | D:8      | Found Afamuira's General Store.
  7775 | D:8      | Reached skill level 5 in Stealth
  7780 | D:8      | Reached XP level 10. HP: 25/76 MP: 15/15
  7968 | D:8      | Reached skill level 9 in Axes
  8041 | D:8      | Noticed Grum
  8050 | D:8      | HP: 3/76 [wolf[Grum] (2)]
  8050 | D:8      | Killed from afar by Grum (5 damage)
                  | ... with a puff of flame
  8059 | D:8      | Killed Grum
  8290 | D:8      | Noticed a two-headed ogre
  8301 | D:8      | Killed a two-headed ogre
  8943 | D:9      | HP: 1/79 [yak (8)]
  8945 | D:9      | Slain by a yak (7 damage)
  8952 | D:9      | Reached skill level 10 in Axes
  9004 | D:9      | HP: 3/79 [orc wizard/puff of flame (3)]
  9004 | D:9      | HP: 1/79 [orc warrior/+0 flail (2)]
  9006 | D:9      | Slain by an orc warrior
                  | ... wielding a +0 flail
                  | (6 damage)
  9412 | D:9      | Reached XP level 11. HP: 73/84 MP: 17/17
  9682 | D:9      | HP: 3/84 [troll (7)]
  9685 | D:9      | Noticed a two-headed ogre
 10130 | D:9      | Killed a two-headed ogre
 10570 | D:9      | Noticed an orange crystal statue
 10597 | D:10     | Entered Level 10 of the Dungeon
 10654 | D:10     | HP: 1/85 [troll (5)]
 10657 | D:10     | Slain by a troll (7 damage)
 10765 | D:10     | Reached skill level 5 in Spellcasting
 11024 | D:10     | Found a shimmering altar of Xom.
 11072 | D:10     | Noticed a two-headed ogre
 11072 | D:10     | Noticed a manticore
 11082 | D:10     | Slain by a two-headed ogre
                  | ... wielding a +0 giant club
                  | (13 damage)
 11085 | D:10     | Mangled by a two-headed ogre
                  | ... wielding a +0 giant club
                  | (24 damage)
 11089 | D:10     | Killed a two-headed ogre
 11090 | D:10     | Reached skill level 11 in Axes
 11098 | D:10     | HP: 4/86 [manticore (3)]
 11101 | D:10     | Killed a manticore
 11470 | D:10     | Found a burning altar of Makhleb.
 11653 | D:10     | Identified the +4 quarterstaff of Clean Duty {pain, Dex+2}
 11770 | D:10     | Found Vetint's Jewellery Shop.
 11779 | D:10     | Bought a +6 ring of strength for 468 gold pieces
 11779 | D:10     | Bought a ring of poison resistance for 260 gold pieces
 12173 | D:10     | Found Egara's Dragon-Slaying Spoils.
 12297 | D:10     | Found a staircase to the Lair.
 12471 | Lair:1   | Entered Level 1 of the Lair of Beasts
 12478 | Lair:1   | Noticed Prince Ribbit
 12506 | Lair:1   | HP: 2/86 [blink frog[Prince Ribbit] (11)]
 12506 | Lair:1   | Mangled by a blink frog (11 damage)
                  | ... led by Prince Ribbit
 12519 | Lair:1   | Slain by a blink frog (10 damage)
                  | ... led by Prince Ribbit
 12524 | Lair:1   | Killed Prince Ribbit
 12848 | Lair:1   | Reached XP level 12. HP: 24/94 MP: 20/20
 12848 | Lair:1   | Slain by a komodo dragon (25 damage)
 13173 | Lair:1   | Noticed Sonja
 13189 | Lair:1   | Slain by Sonja
                  | ... wielding a +0 short sword of distortion
                  | (13 damage)
 13195 | Lair:1   | HP: 2/94 [Sonja/+0 short sword of distortion (13)]
 13196 | Lair:1   | Slain by Sonja
                  | ... wielding a +0 short sword of distortion
                  | (2 damage)
 13198 | Abyss:1  | Cast into level 1 of the Abyss (Sonja)
 13255 | Abyss:1  | Noticed a starcursed mass
 13257 | Abyss:1  | Noticed a tentacled starspawn
 13276 | Abyss:1  | Mangled by a tentacled starspawn (30 damage)
 13283 | Abyss:1  | Killed a tentacled starspawn
 13284 | Abyss:1  | Reached skill level 1 in Shapeshifting
 13289 | Abyss:1  | Reached skill level 12 in Axes
 13294 | Abyss:1  | Killed from afar by a ynoxinul

Illustrated notes

Levels and vault maps discovered:
D:1:      dpeg_arrival_orchard, layout_basic, minmay_bisected
D:2:      layout_basic, basic_altar, ebering_ecumenical_altar_webs,
          nicolae_twisty_statue_hallways, uniq_robin
D:3:      layout_loops_ring, serial_shops, nicolae_shop_back_alley_shop,
          cheibrodos_sewer_entry_sluice
D:4:      layout_basic, nicolae_shop_overcharged_wands
D:5:      layout_basic, patterned_corridor
D:6:      layout_basic, minmay_temple_entry_statues_fountains
D:7:      layout_rooms, serial_shops, shop, uniq_jeremiah
D:8:      layout_basic, serial_shops, shop, item_on_display_a, uniq_grum
D:9:      layout_rooms, minitemple, minmay_statue_bubble
D:10:     layout_loops_corners, brannock_xom_greatest_gift,
          lemuel_coloured_pillars_altar, lair_entry_dummy, serial_shops, shop,
          nicolae_shop_dragon_depot
Lair:1:   layout_cave_pods, uniq_prince_ribbit2, uniq_sonja
Abyss:1:  base: D:15, hangedman_abyss_or_decor_stagger

Skill      XL: |  1  2  3  4  5  6  7  8  9 10 11 12 |
---------------+-------------------------------------+-----
Stealth        | 1 2 3 4 5 6 7 |  7.8
Axes           | 3 4 5 7 8 10 11 12 | 12.0
Spellcasting   | 1 2 3 4 5 |  5.8
Fighting       | 4 5 6 7 8 9 |  9.0
Armour         | 4 5 6 7 9 |  9.5
Shields        | 5 6 7 8 9 |  9.0
Shapeshifting  | 1 |  1.3

Action                     |  1- 3 |  4- 6 |  7- 9 | 10-12 || total
---------------------------+-------+-------+-------+-------++-------
  Melee: War axe           |    81 |   273 |   296 |   492 ||  1142
    Use: Scroll            |     2 |     1 |     7 |     3 ||    13
   Stab: Distracted        |       |     3 |     1 |     1 ||     5
 Armour: Scale mail        |    72 |   227 |     9 |       ||   308
         Plate armour      |       |       |   298 |   612 ||   910
  Dodge: Dodged            |    41 |   148 |    73 |   221 ||   483
  Block: Buckler           |    25 |    92 |    98 |   191 ||   406

Table legend: (Time is in decaauts)
 A = Elapsed time spent in this place.
 B = Non-inter-level travel time spent in this place.
 C = Inter-level travel time spent in this place.
 D = Time resting spent in this place.
 E = Time spent auto-exploring this place.
 F = Levels seen in this place.
 G = Mean time per level.
                   A        B        C        D        E       F      G
               +--------+--------+--------+--------+--------+-----+--------+
         Total |  13535 |  13293 |    242 |   1827 |   8807 |  13 | 1041.2 |
       Dungeon |  11895 |  11654 |    241 |   1631 |   8039 |  10 | 1189.5 |
          Lair |    718 |    717 |      1 |      0 |    471 |   1 |  718.0 |
         Abyss |     93 |     93 |      0 |      0 |     23 |   1 |   93.0 |
         Sewer |    827 |    827 |      0 |    196 |    273 |   1 |  827.0 |
               +--------+--------+--------+--------+--------+-----+--------+

Top non-repeatable levels by time:
     D:8: 2403 daAuts
    D:10: 1871 daAuts
     D:2: 1308 daAuts
     D:9: 1282 daAuts
     D:3: 917 daAuts
     D:4: 916 daAuts
     D:1: 856 daAuts
     D:7: 840 daAuts
   Sewer: 827 daAuts
     D:6: 776 daAuts
     D:5: 722 daAuts
  Lair:1: 718 daAuts
 Abyss:1: 93 daAuts
